AoeStats
← KRATOS | GOD OF WAR

Yucatan

510613570Analyzed
4v4 RM · 19h ago on Oct 1, 2026· 21m 16s· 8 players
Game mode
Random Map
Map size
Large (8 player)
Population
200
Speed
Normal
Resources
Standard
Victory
Conquest
Starting age
Dark Age
Ending age
Imperial Age
RankedLock teamsTeams togetherTeam positionsShared explorationLock speedFull tech treeHidden civsTurbo modeCheats
Victory
Defeat
🇩🇪 Mongols · Germany
1289
+15
🇹🇷 Celts · Türkiye
1253
+16
🇮🇹 Turks · Italy
1213
+18
🇹🇷 Khmer · Türkiye
1206
+18
🇵🇱 Ethiopians · Poland
1313
-20
🇵🇹 Saracens · Portugal
1307
-19
🇲🇽 Varangians · Mexico
1246
-16
🇵🇹 Franks · Portugal
1146
-12
Hekimoglu
8:09 Loom
9:59 Feudal Age
11:16 Double-Bit Axe
11:23 Gold Mining
11:08 Man-at-Arms
15:19 Wheelbarrow
14:49 Arson
DschingisCrack
9:18 Feudal Age
10:36 Double-Bit Axe
17:30 Castle Age
16:23 Bloodlines
16:59 Forging
17:22 Horse Collar
Player2
8:06 Loom
10:26 Feudal Age
14:31 Castle Age
17:59 Double-Bit Axe
17:55 Horse Collar
EşrefÇift
4:19 Loom
13:04 Feudal Age
16:37 Castle Age
14:43 Gold Mining
14:43 Double-Bit Axe
17:46 Bloodlines
18:05 Scale Barding Armor
21:08 Bow Saw
zaackvader10
6:16 Loom
9:13 Feudal Age
12:19 Double-Bit Axe
14:46 Bloodlines
20:10 Castle Age
18:31 Forging
KRATOS | GOD OF WAR
1:37 Loom
12:08 Feudal Age
17:54 Castle Age
16:41 Double-Bit Axe
17:49 Gold Mining
18:41 Husbandry
19:42 Scale Barding Armor
20:25 Bow Saw
GoodFunHaveLuck
7:29 Loom
9:53 Feudal Age
11:17 Double-Bit Axe
11:35 Fletching
BARAKA wins!
10:07 Feudal Age
10:48 Loom
14:21 Fletching
15:13 Padded Archer Armor
17:05 Double-Bit Axe
17:51 Gold Mining
Connection lost

Rejoining the realm…

Still unreachable

The connection could not be restored.

Session expired

The server has moved on; the page needs a fresh start.